 Dungeon Crawl Stone Soup version 0.22.1-6-g1668fe2 (webtiles) character file.

1185 Inchmeat the Magician (level 8, -2/58 HPs)
             Began as a Gnoll Wizard on Jan 30, 2019.
             Slain by Menkaure (21 damage)
             ... on level 6 of the Dungeon.
             The game lasted 00:15:49 (8692 turns).

Inchmeat the Magician (Gnoll Wizard)                Turns: 8692, Time: 00:15:49

Health: -2/58      AC:  7    Str: 11    XL:     8   Next: 42%
Magic:  0/19       EV: 14    Int: 21    God:
Gold:   240        SH:  0    Dex: 14    Spells: 11/22 levels left

rFire    . . .     SeeInvis .   x - +0 dagger (protect)
rCold    . . .     Gourm    .   (no shield)
rNeg     . . .     Faith    .   p - +0 leather armour
rPois    .         Spirit   +   r - +0 helmet (curse)
rElec    .         Reflect  .   B - +1 cloak
rCorr    .         Harm     .   (no gloves)
MR       .....                  a - +0 pair of boots
Stlth    +++.......             n - amulet of guardian spirit
HPRegen  0.19/turn              (no ring)
MPRegen  0.16/turn              (no ring)

@: no status effects
A: distributed training, fangs 1, strong nose
a: no special abilities


You were on level 6 of the Dungeon.
You were very hungry.

You visited 1 branch of the dungeon, and saw 6 of its levels.

You collected 240 gold pieces.

Inventory:

Hand Weapons
 f - a +0 dagger
 h - a +0 short sword
 x - a +0 dagger of protection (weapon)
 z - a +0 hand axe
Missiles
 k - 4 javelins of returning (quivered)
Armour
 a - a +0 pair of boots (worn)
 p - a +0 leather armour (worn)
 q - a cursed -2 scale mail
 r - a cursed +0 helmet (worn)
 B - a +1 cloak (worn)
 D - a cursed -2 ring mail
Jewellery
 n - an amulet of guardian spirit (around neck)
Wands
 o - a wand of polymorph (14)
Scrolls
 c - a scroll of enchant weapon
 j - 2 scrolls of fog
 m - 4 scrolls of enchant armour {unknown}
 v - a scroll of remove curse {unknown}
 y - a scroll of immolation {unknown}
 A - a scroll of blinking {unknown}
 C - a scroll of teleportation {unknown}
 F - a scroll of amnesia {unknown}
Potions
 e - 3 potions of cancellation
 i - 2 potions of flight
 s - 2 potions of haste
 t - a potion of heal wounds
 u - 2 potions of might
Comestibles
 d - 9 rations


   Skills:
 + Level 3.2 Fighting
 + Level 3.2 Short Blades
 + Level 3.2 Long Blades
 + Level 3.2 Axes
 + Level 3.2 Maces & Flails
 + Level 3.2 Polearms
 + Level 3.2 Staves
 + Level 3.2 Slings
 + Level 3.2 Bows
 + Level 3.2 Crossbows
 + Level 3.2 Throwing
 + Level 3.2 Armour
 + Level 5.6 Dodging
 + Level 5.3 Stealth
 + Level 3.2 Shields
 + Level 3.2 Unarmed Combat
 + Level 7.9 Spellcasting
 + Level 3.4 Conjurations
 + Level 2.6 Hexes
 + Level 2.6 Charms
 + Level 3.4 Summonings
 + Level 2.6 Necromancy
 + Level 3.4 Translocations
 + Level 2.6 Transmutations
 + Level 2.6 Fire Magic
 + Level 2.6 Ice Magic
 + Level 2.6 Air Magic
 + Level 2.6 Earth Magic
 + Level 2.6 Poison Magic
 + Level 3.5 Invocations
 + Level 3.2 Evocations


You had 11 spell levels left.
You knew the following spells:

 Your Spells              Type           Power        Failure   Level  Hunger
a - Magic Dart            Conj           ###.         2%          1    None
b - Blink                 Tloc           N/A          3%          2    None
c - Conjure Flame         Conj/Fire      ###.....     9%          3    None
d - Mephitic Cloud        Conj/Pois/Air  ###.....     10%         3    None
e - Call Imp              Summ           ###.....     3%          2    None

Your spell library contained the following spells:

 Spells                   Type           Power        Failure   Level  Hunger
 Slow                     Hex            ###.....     5%          2    None


Dungeon Overview and Level Annotations

Branches:
Dungeon (6/15)
 Temple: D:4-7

Altars:
Fedhas
Sif Muna

Shops:
D:4 }   D:6 :

Annotations:
D:6 Menkaure


Innate Abilities, Weirdness & Mutations

Your experience applies equally to all skills.
You have very sharp teeth.
Your uncanny sense of smell can sniff out nearby items.


Message History

The magic dart hits Menkaure.
Menkaure is heavily damaged.
Menkaure calls on the powers of darkness!
Your body is wracked with pain!
Casting: Magic Dart (safe; 2% risk of failure)
Confirm with . or Enter, or press ? or * to list all spells.
Aiming: Magic Dart (safe; 2% risk of failure)
Press: ? - help, Shift-Dir - straight line, f/p - Menkaure
Aim: Menkaure (heavily damaged, fast)
The magic dart hits Menkaure.
Menkaure is severely damaged.
Casting: Magic Dart (safe; 2% risk of failure)
Confirm with . or Enter, or press ? or * to list all spells.
Aiming: Magic Dart (safe; 2% risk of failure)
Press: ? - help, Shift-Dir - straight line, f/p - Menkaure
Aim: Menkaure (severely damaged, fast)
The magic dart hits Menkaure.
Menkaure is severely damaged.
Menkaure hits you!!
You die...

,+§§..§........#,,,,,,,,,,,,,,*
,#§§...........#...,,,..,,,,,,*
*##§§##..##...##..#**...*********
*##..######...##..###...**,,,**,,
,#........∩.......$.....,*,,,,*,,
,#......................,*,,,,*,,
,#.(....................,*,,,,*,,
,#.............M........,*,,,,*,,
,##.##...###....@.#**,,,**,,****+
**#.*#...#*#......#**,,,**+**,,,,
,,..*.....,#.......+,,,,,,,,+,,,,
,...#......+...†...#,,,,,,,,*,,,,
,,,,*,,,,,,#.......#,,,,,,,,*,,,,
,,,,+,,,,,,#.......#,,,,,,,,*,,,,
,,,,*,,,,,,#.......#,,,,,,,,*,,,,
,,,,*,,,,,,#.......#,,,,,,,,*,,,,
******,**,**,,***********,,,*,,,,


You could see Menkaure.

Vanquished Creatures
  Grinder (D:4)
  A centaur (D:5)
  A killer bee (D:5)
  A scorpion (D:4)
  2 crimson imps (D:5)
  2 orc priests (D:4)
  A bullfrog skeleton (D:5)
  A hound (D:5)
  6 orc wizards
  Crazy Yiuf (D:4)
  A centaur skeleton (D:5)
  6 worker ants
  7 adders
  A shadow imp (D:4)
  An ooze (D:2)
  An adder skeleton (D:4)
  3 worms
  A dart slug (D:3)
  3 leopard geckos
  22 orcs
  15 giant cockroaches
  11 hobgoblins
  22 jackals
  3 ball pythons
  11 bats
  5 frilled lizards
  4 goblins
  9 kobolds
  13 rats
156 creatures vanquished.

Vanquished Creatures (collateral kills)
  A killer bee (D:5)
1 creature vanquished.

Vanquished Creatures (others)
  A worker ant (D:5)
1 creature vanquished.

Grand Total: 158 creatures vanquished

Notes
Turn   | Place    | Note
-------+----------+-------------------------------------------
     0 | D:1      | Inchmeat the Gnoll Wizard began the quest for the Orb.
     0 | D:1      | Reached XP level 1. HP: 13/13 MP: 8/8
   434 | D:1      | Reached XP level 2. HP: 19/19 MP: 7/10
   601 | D:1      | Learned a level 2 spell: Blink
  1035 | D:1      | Reached XP level 3. HP: 25/25 MP: 7/11
  1361 | D:2      | Learned a level 3 spell: Conjure Flame
  1365 | D:2      | Learned a level 3 spell: Mephitic Cloud
  1368 | D:2      | Learned a level 2 spell: Call Imp
  1528 | D:2      | Reached skill level 1 in Invocations
  1784 | D:2      | Reached skill level 1 in Fighting
  1784 | D:2      | Reached skill level 1 in Short Blades
  1784 | D:2      | Reached skill level 1 in Long Blades
  1784 | D:2      | Reached skill level 1 in Axes
  1784 | D:2      | Reached skill level 1 in Maces & Flails
  1784 | D:2      | Reached skill level 1 in Polearms
  1784 | D:2      | Reached skill level 1 in Staves
  1784 | D:2      | Reached skill level 1 in Slings
  1784 | D:2      | Reached skill level 1 in Bows
  1784 | D:2      | Reached skill level 1 in Crossbows
  1784 | D:2      | Reached skill level 1 in Throwing
  1784 | D:2      | Reached skill level 1 in Armour
  1784 | D:2      | Reached skill level 1 in Shields
  1784 | D:2      | Reached skill level 1 in Unarmed Combat
  1784 | D:2      | Reached skill level 1 in Evocations
  2021 | D:2      | Reached XP level 4. HP: 32/32 MP: 11/13
  3004 | D:3      | Reached skill level 1 in Hexes
  3004 | D:3      | Reached skill level 1 in Charms
  3004 | D:3      | Reached skill level 1 in Necromancy
  3004 | D:3      | Reached skill level 1 in Transmutations
  3004 | D:3      | Reached skill level 1 in Fire Magic
  3004 | D:3      | Reached skill level 1 in Ice Magic
  3004 | D:3      | Reached skill level 1 in Air Magic
  3004 | D:3      | Reached skill level 1 in Earth Magic
  3004 | D:3      | Reached skill level 1 in Poison Magic
  3599 | D:3      | Reached XP level 5. HP: 29/37 MP: 11/14
  4270 | D:4      | Found a blossoming altar of Fedhas.
  4707 | D:4      | Reached XP level 6. HP: 30/44 MP: 1/16
  5340 | D:4      | Found Wiesucs's Gadget Boutique.
  5727 | D:4      | Noticed Grinder
  5745 | D:4      | Reached skill level 5 in Dodging
  5766 | D:4      | Killed Grinder
  5766 | D:4      | Reached XP level 7. HP: 32/50 MP: 0/18
  5902 | D:4      | Got a shadowed robe
  5913 | D:4      | Identified the +1 robe of Ypsicek {*Corrode Str+9 Int-4
                  | SInv} (You found it on level 4 of the Dungeon)
  6141 | D:5      | Entered Level 5 of the Dungeon
  6179 | D:5      | Found a deep blue altar of Sif Muna.
  6382 | D:4      | Found a runed door.
  6927 | D:4      | Noticed Crazy Yiuf
  6939 | D:4      | Killed Crazy Yiuf
  6939 | D:4      | Reached skill level 5 in Stealth
  7563 | D:5      | Reached XP level 8. HP: 57/57 MP: 13/19
  8179 | D:5      | Found a runed door.
  8195 | D:5      | Found a runed door.
  8670 | D:6      | Found Bevoip's Book Shop.
  8676 | D:6      | Noticed Menkaure
  8692 | D:6      | Slain by Menkaure

Skill      XL: |  1  2  3  4  5  6  7  8 |
---------------+-------------------------+-----
Conjurations   | 2 3 |  3.4
Summonings     | 2 3 |  3.4
Translocations | 2 3 |  3.4
Invocations    | 1 2 3 |  3.5
Fighting       | 1 2 3 |  3.2
Short Blades   | 1 2 3 |  3.2
Long Blades    | 1 2 3 |  3.2
Axes           | 1 2 3 |  3.2
Maces & Flails | 1 2 3 |  3.2
Polearms       | 1 2 3 |  3.2
Staves         | 1 2 3 |  3.2
Slings         | 1 2 3 |  3.2
Bows           | 1 2 3 |  3.2
Crossbows      | 1 2 3 |  3.2
Throwing       | 1 2 3 |  3.2
Armour         | 1 2 3 |  3.2
Shields        | 1 2 3 |  3.2
Unarmed Combat | 1 2 3 |  3.2
Evocations     | 1 2 3 |  3.2
Hexes          | 1 2 |  2.6
Charms         | 1 2 |  2.6
Necromancy     | 1 2 |  2.6
Transmutations | 1 2 |  2.6
Fire Magic     | 1 2 |  2.6
Ice Magic      | 1 2 |  2.6
Air Magic      | 1 2 |  2.6
Earth Magic    | 1 2 |  2.6
Poison Magic   | 1 2 |  2.6
Dodging        | 5 |  5.6
Stealth        | 5 |  5.3
Spellcasting   | |  7.9

Action                   |  1- 3 |  4- 6 |  7- 9 || total
-------------------------+-------+-------+-------++-------
Melee: Short sword       |    11 |    44 |       ||    55
       Bite              |     2 |     7 |    44 ||    53
       Hand axe          |       |    37 |    20 ||    57
       Dagger            |       |       |   365 ||   365
       Punch             |       |       |     3 ||     3
       Unarmed           |       |       |     9 ||     9
Throw: Javelin           |       |     5 |       ||     5
 Cast: Magic Dart        |    86 |   164 |    58 ||   308
       Blink             |       |     3 |     2 ||     5
       Mephitic Cloud    |       |     2 |    11 ||    13
  Use: Scroll            |       |     2 |     7 ||     9
       Potion            |       |     2 |     2 ||     4
 Stab: Sleeping          |       |     1 |       ||     1
       Confused          |       |       |     4 ||     4
  Eat: Chunk             |     2 |    12 |     6 ||    20
       Ration            |       |       |     1 ||     1
Armor: Robe              |     3 |       |    25 ||    28
       Leather armour    |       |    28 |   110 ||   138
       Skin              |       |       |    15 ||    15
Dodge: Dodged            |    21 |   105 |   279 ||   405
